 Dungeon Crawl Stone Soup version 0.27-a0-1525-g1038ab4fd7 (webtiles) character file.

Game seed: 6245785815605357061

68 Spaninq the Stinger (level 4, -3/36 HPs)
             Began as a Naga Venom Mage on July 10, 2021.
             Was an Initiate of Ashenzari.
             Slain by an orc (5 damage)
             ... on level 3 of the Dungeon.
             The game lasted 00:07:56 (1202 turns).

Spaninq the Stinger (Naga Venom Mage)               Turns: 1202, Time: 00:07:57

Health: -3/36      AC:  2    Str: 11    XL:     4   Next: 19%
Magic:  1/8        EV:  9    Int: 16    God:    Ashenzari [......]
Gold:   44         SH:  0    Dex: 11    Spells: 7/8 levels left

rFire    . . .     SeeInvis +   e - +0 spear
rCold    . . .     Faith    .   (no shield)
rNeg     . . .     Spirit   .   a - +0 robe
rPois    +         Reflect  .   (no helmet)
rElec    .         Harm     .   (no cloak)
rCorr    .         Rampage  .   (no gloves)
Will     .....                  (no barding)
Stlth    ++........             (no amulet)
HPRegen  0.12/turn              (no ring)
MPRegen  0.11/turn              (no ring)

@: very slow
A: AC +1, large, see invisible, deformed body, poison resistance, slowness 2,
spit poison 1, naga tail 1
a: Spit Poison, Renounce Religion, Curse Item


You were on level 3 of the Dungeon.
You worshipped Ashenzari.
Ashenzari was noncommittal.
You visited 1 branch of the dungeon, and saw 3 of its levels.

You collected 44 gold pieces.

Inventory:

Hand Weapons
 e - a +0 spear (weapon)
Armour
 a - a +0 robe (worn)
Scrolls
 b - a scroll of fog
 d - 4 scrolls of magic mapping
 f - a scroll of teleportation
 g - a scroll of enchant weapon
Potions
 c - a potion of attraction


   Skills:
 - Level 1.5 Dodging
 - Level 3.4 Stealth
 + Level 2.7 Spellcasting
 + Level 2.2 Transmutations
 + Level 4.9 Poison Magic


You had 7 spell levels left.
You knew the following spells:

 Your Spells              Type           Power      Damage    Failure   Level
a - Sting                 Tmut/Pois      52%        1d5       4%          1

Your spell library contained the following spells:

 Spells                   Type           Power      Damage    Failure   Level
 Poisonous Vapours        Pois/Air       20%        N/A       11%         2
 Olgreb's Toxic Radiance  Pois           17%        N/A       26%         4
 Mephitic Cloud           Conj/Pois/Air  7%         N/A       30%         3
 Freezing Cloud           Conj/Ice/Air   1%         6-21      99%         5


Dungeon Overview and Level Annotations

Branches:
Dungeon (3/15)

Altars:
Ashenzari


Innate Abilities, Weirdness & Mutations

Your serpentine skin is tough. (AC +1)
You have supernaturally acute eyesight. (SInv)
Armour fits poorly on your strangely shaped body.
Your system is resistant to poisons. (rPois)
You cover ground very slowly.
You can spit poison.
You have a snake-like lower body.


Message History

* * * LOW HITPOINT WARNING * * *
Okay, then.
You kill the orc priest!
Your Transmutations skill increases to level 2!
You have reached level 4!
You feel stronger.
Casting: Sting (safe; 4% risk of failure)
Confirm with . or Enter, or press ? or * to list all spells.
Aiming: Sting (safe; 4% risk of failure)
Press: ? - help, Shift-Dir - straight line, f - orc
Aim: an orc, wielding a +0 club and wearing a +0 leather armour (71% to hit)
You miscast Sting.
You are very lightly contaminated with residual magic.
Nothing appears to happen.
The orc hits you with a +0 club.
* * * LOW HITPOINT WARNING * * *
The orc barely misses you.
Casting: Sting (safe; 4% risk of failure)
Confirm with . or Enter, or press ? or * to list all spells.
Aiming: Sting (safe; 4% risk of failure)
Press: ? - help, Shift-Dir - straight line, f/p - orc
Aim: an orc, wielding a +0 club and wearing a +0 leather armour (71% to hit)
The sting hits the orc.
The orc is poisoned.
The orc is lightly wounded.
The orc barely misses you. x2
Casting: Sting (safe; 4% risk of failure)
Confirm with . or Enter, or press ? or * to list all spells.
Aiming: Sting (safe; 4% risk of failure)
Press: ? - help, Shift-Dir - straight line, f - orc, p - orc
Aim: an orc, wielding a +0 hand axe (71% to hit)
The sting hits the orc.
The orc is poisoned.
The orc is severely wounded.
You kill the orc!
The orc hits you with a +0 club.
* * * LOW HITPOINT WARNING * * *
The orc barely misses you.
The orc looks more healthy.
Your magical contamination has completely faded away.
The orc hits you but does no damage. The orc hits you with a +0 club.
You die...

###########
#..<.......
#.#########
#.# #[# #.#
#.# #@# #o#
##.#
#..########
#..........
#..........
#..#####..#
#).#..P#..#
#).#.P.#..#


You could see an orc.

Vanquished Creatures
  An orc priest (D:3)
  2 orcs (D:3)
  5 ball pythons
  3 bats (D:1)
  2 endoplasms (D:1)
  3 giant cockroaches (D:1)
  2 goblins (D:1)
  2 hobgoblins
  3 jackals (D:2)
  A quokka (D:1)
  3 frilled lizards (D:1)
  4 kobolds
  5 rats
36 creatures vanquished.

Notes
Turn   | Place    | Note
-------+----------+-------------------------------------------
     0 | D:1      | Spaninq the Naga Venom Mage began the quest for the Orb.
     0 | D:1      | Reached XP level 1. HP: 15/15 MP: 3/3
    66 | D:1      | Reached XP level 2. HP: 22/22 MP: 5/5
   536 | D:1      | Reached XP level 3. HP: 24/28 MP: 2/6
   578 | D:1      | Found a faded altar of an unknown god.
   587 | D:1      | Became a worshipper of Ashenzari the Shackled
  1194 | D:3      | Reached XP level 4. HP: 7/36 MP: 2/8
  1196 | D:3      | HP: 1/36 [orc (5)]
  1202 | D:3      | Slain by an orc

Illustrated notes

Levels and vault maps discovered:
D:1:      dpeg_arrival_orchard, layout_rooms, serial_forest,
          infiniplex_forest_clump_curved, infiniplex_forest_side_room,
          infiniplex_forest_straight_3, infiniplex_forest_lined_3_way,
          infiniplex_forest_lined_corner, infiniplex_forest_lined_4_way,
          infiniplex_forest_end_1, infiniplex_forest_straight_3,
          infiniplex_forest_lined_4_way, ebering_ecumenical_altar_ruins,
          minmay_tiny_reverse_x
D:2:      layout_basic
D:3:      layout_loops_ring, serial_aquarium, aquarium_bridge_square
          [aquarium_subvault_wall, aquarium_subvault_bridge,
          aquarium_subvault_window, aquarium_subvault_bridge],
          aquarium_window_1, aquarium_window_fake, aquarium_window_1,
          aquarium_view_2c, aquarium_balcony_double_1, aquarium_pool_2,
          minmay_unequal

Skill      XL: |  1  2  3 |
---------------+----------+-----
Transmutations | 2 |  2.2
Dodging        | |  1.5
Stealth        | |  3.4
Spellcasting   | |  2.7
Poison Magic   | |  4.9

Action                   |  1- 3 |  4- 6 || total
-------------------------+-------+-------++-------
Melee: Spear             |     5 |       ||     5
       Unarmed           |     1 |       ||     1
 Cast: Sting             |    44 |     2 ||    46
 Abil: Spit Poison       |    16 |       ||    16
 Stab: Sleeping          |     1 |       ||     1
Armor: Robe              |     4 |     1 ||     5
Dodge: Dodged            |    16 |     4 ||    20

Table legend: (Time is in decaauts)
 A = Elapsed time spent in this place.
 B = Non-inter-level travel time spent in this place.
 C = Inter-level travel time spent in this place.
 D = Time resting spent in this place.
 E = Time spent auto-exploring this place.
 F = Levels seen in this place.
 G = Mean time per level.
                   A        B        C        D        E       F      G
               +--------+--------+--------+--------+--------+-----+--------+
         Total |   1502 |   1421 |     81 |     38 |   1086 |   3 |  500.7 |
       Dungeon |   1502 |   1421 |     81 |     38 |   1086 |   3 |  500.7 |
               +--------+--------+--------+--------+--------+-----+--------+

Top non-repeatable levels by time:
     D:1: 1016 daAuts
     D:2: 441 daAuts
     D:3: 44 daAuts
